[Event "*** Titled Tuesday Blitz"]
[Site "Chess.com"]
[Date "2021.04.20"]
[Round "5"]
[White "MerryPoppies"]
[Black "Kotofeyca"]
[Result "1-0"]
[WhiteElo "2129"]
[BlackElo "2331"]
[TimeControl "180+1"]
[EndTime "10:56:55 PDT"]
[Termination "MerryPoppies won by resignation"]

1. d4 d5 2. c4 c6 3. Nc3 Nf6 4. cxd5 cxd5 5. Nf3 Nc6 6. Bf4 a6 7. e3 Bg4 8. Be2 e6 9. O-O Bd6 10. Bxd6 Qxd6 11. h3 Bh5 12. Rc1 O-O 13. Ng5 Bxe2 14.
Qxe2 b5 15. a3 Na5 16. Rfd1 Rfc8 17. e4 dxe4 18. Ngxe4 Nxe4 19. Qxe4 Nc4 20. Qe2 Nb6 21. Qe4 Rc4 22. Ne2 Rac8 23. Rxc4 Nxc4 24. Rc1 Rd8 25. Rc2 g6 26. f4 h5 27. Kf2 Kg7 28. Qf3 Rc8 29. b4 Rc7 30. Rc1 Ra7 31. Rd1 a5 32. d5 axb4 33. axb4 Ra3 34. Rd3 Rxd3 35. Qxd3 exd5 36.
Qd4+ Kh7 37. Nc3 Qxb4 38. Nxd5 Qd2+ 39. Qxd2 Nxd2 40. Nb4 Kg7 41. Ke3 Nb3 42. Ke4 Kf6 43. g4 h4 44. g5+ Ke6 45. Nc6 Nc5+ 46. Kd4 Nd7 47. Nd8+ Ke7 48. Nc6+ Kd6 49. Nb4 Nb6 50. Na6 Ke6 51. Ke4 Nd7 52. Nc7+ Kd6 53. Nxb5+ Kc5 54. Nc7 Kd6 55. Ne8+ Ke6 56. Nc7+ Ke7 57. Nd5+ Kd6 58.
Nf6 Nc5+ 59. Kd4 Ne6+ 60. Ke4 Nc5+ 61. Kd4 Nb3+ 62. Ke4 Ke6 63. Ng4 Nd2+ 64. Ke3 Nc4+ 65. Ke4 Nd6+ 66. Ke3 Kf5 67. Nh6+ Ke6 68. Ng4 Kd5 69.
Nf6+ Kc4 70. Nd7 Kc3 71. Ne5 Kc2 72. Ng4 Kd1 73. Kd4 Ke2 74. Ke5 Nf5 75. Nh6 Kf3 76.
Nxf5 gxf5 77. Kxf5 Kg3 78. Kf6 Kxh3 79. g6 fxg6 80.
Kxg6 Kg4 81. f5 h3 82. f6 h2 83. f7 h1=Q 84. f8=Q Qe4+ 85. Kg7 Qe5+ 86. Qf6 Qc7+ 87. Qf7 Qc3+ 88. Qf6 Qc4 89. Qg6+ Kf4 90. Qf7+ Kg5 91.
Qxc4 1-0

[Event "*** Titled Tuesday Blitz"]
[Site "Chess.com"]
[Date "2021.04.20"]
[Round "5"]
[White "platy3"]
[Black "GM_LOADING"]
[Result "1/2-1/2"]
[WhiteElo "2843"]
[BlackElo "2549"]
[TimeControl "180+1"]
[EndTime "10:57:06 PDT"]
[Termination "Game drawn - insufficient material"]

1. e4 e5 2. Nf3 Nc6 3. Bc4 Nf6 4.
Ng5 d5 5. exd5 Na5 6. Bb5+ c6 7.
dxc6 bxc6 8. Bd3 Nd5 9. Nf3 Bd6 10. O-O O-O 11. Re1 Qc7 12. c4 Nf4 13. Bf1 Bg4 14. d3 Ne6 15. h3 Bh5 16. Nc3 f5 17. Be2 Bg6 18. Nh4 Rad8 19. Nxg6 hxg6 20. Qa4 Nb7 21. b4 e4 22. c5 Be5 23. Qb3 Kh7 24. Qxe6 Bxc3 25.
Bg5 Rde8 26. Qc4 Bxe1 27. Rxe1 exd3 28. Qxd3 a5 29. a3 axb4 30. axb4 Re4 31. Rb1 Rfe8 32.
Bf1 Re1 33. Bd2 Rxb1 34. Qxb1 Qe5 35. Qa2 Rd8 36. Bg5 Rd1 37. g3 Qe1 38. Qc4 Nd8 39. Kg2 Ne6 40. Be3 f4 41. gxf4 Nc7 42. Qe2 Nd5 43. Qxe1 Rxe1 44. b5 Nxe3+ 45. fxe3 cxb5 46. Kf2 Rc1 47. Bxb5 Rxc5 48. Be2 g5 49. fxg5 Rxg5 50. Bg4 Kg6 51. Kf3 Kf6 52. Kf4 Ra5 53. Kf3 Ke5 54. Bc8 Ra3 55. Bg4 Kf6 56. Bc8 Kg5 57. Bg4 Kf6 58.
Bc8 Ke5 59. Bg4 Kd5 60. Bf5 Kc4 61. Kf4 Kd5 62. Be4+ Ke6 63. Bf5+ Kf6 64. Bg4 g5+ 65. Kf3 Ke5 66. Bc8 Ra1 67. Bg4 Rf1+ 68. Ke2 Rh1 69. Kf3 Rf1+ 70. Ke2 Rf8 71. Kd3 Kd5 72. Bh5 Ke5 73. Bg4 Rd8+ 74. Ke2 Ke4 75. Bf3+ Ke5 76. Bg4 Kd5 77. Kf3 Rf8+ 78. Ke2 Kc4 79. Be6+ Kc3 80.
Bg4 Rf6 81. Bd7 Rd6 82. Bg4 Rd2+ 83. Kf3 Kd3 84. Bf5+ Kc4 85. Kg4 Rg2+ 86. Kh5 Kd5 87. Bg4 Ke4 88. Kxg5 Kxe3 89. h4 Rh2 90. h5 Rxh5+ 91.
Kxh5 1/2-1/2

[Event "*** Titled Tuesday Blitz"]
[Site "Chess.com"]
[Date "2021.04.20"]
[Round "5"]
[White "Piotrek1979"]
[Black "Cptn2"]
[Result "1-0"]
[WhiteElo "2419"]
[BlackElo "2591"]
[TimeControl "180+1"]
[EndTime "10:57:30 PDT"]
[Termination "Piotrek1979 won by resignation"]

1. Nf3 Nf6 2. c4 c5 3. e3 g6 4. Be2 Bg7 5. O-O O-O 6. Nc3 b6 7. d3 Bb7 8. a3 d5 9. cxd5 Nxd5 10. Bd2 Nc6 11. Qa4 Qd7 12. Nxd5 Qxd5 13. Bc3 Ne5 14.
Rfd1 Rfd8 15. d4 Nc6 16. dxc5 Qxc5 17. Bxg7 Kxg7 18. Rac1 Rxd1+ 19. Qxd1 Qf5 20. Rxc6 Bxc6 21. Nd4 Qc5 22. b4 Qd6 23. Nxc6 Rc8 24. Qxd6 exd6 25. Bf3 a5 26. b5 Rc7 27. Bd5 f5 28. f4 Kf6 29. Kf2 h6 30. Kf3 g5 31. g3 Rc8 32. a4 Rc7 33. h3 Rc8 34. g4 fxg4+ 35.
hxg4 gxf4 36. exf4 Re8 37. Be4 d5 38. Bxd5 Re1 39.
Ne5 Rf1+ 40. Ke3 Ra1 41. Nd7+ Ke7 42. Nxb6 Kd6 43. Bf7 Kc5 44. Nd7+ Kd6 45. Ne5 Ra3+ 46. Ke4 Rxa4+ 47. Kf5 Rb4 48. Nc4+ Ke7 49. Nxa5 Rxb5+ 50. Kg6 Rxa5 51. f5 Ra4 52. f6+ Kd6 53. Kxh6 Rxg4 54. Kh5 Rg1 55. Bc4 Rg3 56. f7 Ke7 57. Kh4 Rf3 58.
Bd5 Rf5 59. Bb3 Kf8 60. Ba2 Ra5 61. Bb3 Rb5 62. Be6 Re5 63. Bb3 Re3 64. Bd5 Re2 65. Bb3 Rd2 66. Kg5 Rd3 67. Be6 Rd4 68. Kf5 Rb4 69. Ke5 Rb6 70. Bd5 Ke7 71. Kd4 Rf6 72.
Kc5 Rf4 73. Kb5 Rf5 74. Kc5 Kd7 75. Kd4 Kd6 76. Ke4 Re5+ 77. Kf4 Rxd5 78. f8=Q+ Kc6 79. Ke4 Rd6 80. Qc8+ Kb5 81. Ke5 Rd2 82. Qe8+ Kc4 83. Qb8 Kc3 84. Ke4 Rd4+ 85. Ke3 Rc4 86. Qa7 Kb4 87. Qb6+ Kc3 88. Qf6+ Kb3 89. Kd3 Rc1 90.
Qb6+ Ka2 91. Kd2 Rb1 92. Qa5+ Kb2 93. Qb4+ Ka2 94. Qa4+ Kb2 95. Kd3 Rc1 96. Qb4+ Ka1 97. Kd2 Rh1 98. Qa5+ Kb1 99. Qb6+ Ka1 100. Qa7+ Kb1 101. Qb7+ Ka1 102. Qxh1+ 1-0

[Event "*** Titled Tuesday Blitz"]
[Site "Chess.com"]
[Date "2021.04.20"]
[Round "5"]
[White "VD_coach"]
[Black "stepakyedael"]
[Result "1-0"]
[WhiteElo "2499"]
[BlackElo "2243"]
[TimeControl "180+1"]
[EndTime "10:57:58 PDT"]
[Termination "VD_coach won on time"]

1. Nf3 Nf6 2. g3 g6 3. Bg2 Bg7 4. O-O O-O 5. d4 d6 6. c4 Nc6 7.
Nc3 Bf5 8. h3 Ne4 9. Nxe4 Bxe4 10. Be3 a5 11. d5 Nb4 12. Bd4 Bxd4 13. Nxd4 Bxg2 14. Kxg2 Qd7 15. Qd2 c6 16. e4 e5 17.
Nc2 cxd5 18. Nxb4 axb4 19. Qxd5 Qc6 20. Rfd1 Rfd8 21. a4 bxa3 22. Rxa3 Rxa3 23. bxa3 Ra8 24. Qxc6 bxc6 25. Rxd6 Rxa3 26. Rxc6 Rc3 27. h4 h5 28. Kf1 Kf8 29. Rc7 Ke8 30. Ke2 Rc2+ 31. Ke3 Rc3+ 32. Kd2 Ra3 33. Rc5 f6 34. Rb5 Ra2+ 35.
Ke3 Ra3+ 36. Ke2 Ra2+ 37. Kf1 Ke7 38. Rb7+ Ke6 39. Rg7 Rc2 40. Rxg6 Rxc4 41. Rh6 Rxe4 42. Rxh5 Ra4 43. Rh8 Kf5 44. Rb8 Kg4 45. Kg2 e4 46.
Re8 f5 47. Rg8+ Kh5 48. Rg5+ Kh6 49. Rxf5 Ra2 50. Kf1 Ra1+ 51. Ke2 Ra4 52. Ke3 Kg6 53. Rf4 Ra3+ 54. Kxe4 Ra2 55. g4 Re2+ 56. Kf3 Ra2 57. Kg3 Ra3+ 58. f3 Ra1 59. h5+ Kg5 60. Rf5+ Kh6 61.
Rc5 Ra4 62. Rc6+ Kh7 63. f4 Ra3+ 64. Kh4 Ra5 65. f5 Kg7 66. Kg5 Ra7 67. Rg6+ Kh7 68. Rh6+ Kg7 69. f6+ Kg8 70. Rg6+ Kh8 71. Kh4 Ra1 72. f7 Rf1 73. Rg8+ Kh7 74. Rg5 Rxf7 75. Rf5 Ra7 76. Rf4 Ra5 77. g5 Ra7 78. Kg4 Kg7 79.
Rd4 Rb7 80. Re4 Ra7 81. Re5 Rb7 82. Kf5 Rf7+ 83. Kg4 Ra7 84. h6+ Kg6 85. Re6+ Kh7 86. Kh5 Ra8 87. g6+ Kh8 88. Re5 Rb8 89. Rf5 Rc8 90. Kg5 Rd8 91. Re5 Rb8 92. Kf6 Rf8+ 93. Ke7 Ra8 94. Rf5 Ra7+ 95. Kf6 Ra6+ 96. Kg5 Ra8 97.
Rb5 Rc8 98. Kf5 Rf8+ 99. Ke6 Re8+ 100. Kf7 Rf8+ 101. Ke6 Re8+ 102. Kf6 Rf8+ 103. Kg5 Rc8 104. h7 Rd8 105. Rc5 1-0

[Event "*** Titled Tuesday Blitz"]
[Site "Chess.com"]
[Date "2021.04.20"]
[Round "5"]
[White "fastestmindalive"]
[Black "amintabatabaei"]
[Result "0-1"]
[WhiteElo "2766"]
[BlackElo "2992"]
[TimeControl "180+1"]
[EndTime "10:58:05 PDT"]
[Termination "amintabatabaei won by resignation"]

1. e4 c5 2. Nc3 Nc6 3. f4 g6 4.
Nf3 Bg7 5. Bb5 Nd4 6. a4 e6 7.
e5 a6 8. Bc4 d5 9. exd6 Qxd6 10.
d3 Ne7 11. Ne4 Qc7 12. c3 Nxf3+ 13. Qxf3 O-O 14. Be3 b6 15. Nxc5 Nd5 16. Ne4 Nxe3 17. Qxe3 Bb7 18. O-O Rfd8 19. Bb3 b5 20. axb5 axb5 21.
Rxa8 Bxa8 22. Bd1 b4 23. d4 bxc3 24. bxc3 Bxe4 25. Qxe4 Qxc3 26. Kh1 Rxd4 27. Qa8+ Bf8 28. Be2 h5 29. Qf3 Qb2 30. Bd3 Qd2 31. Be4 Bd6 32.
g3 Qb4 33. Bc6 Rd2 34. Rf2 Qb1+ 35. Kg2 Rd1 36. Be4 Qb6 37. Qxd1 Bc5 38. Re2 Bd4 39.
Qd3 Kg7 40. Bf3 Bf6 41. Qd7 Qa6 42. Qb7 Qc4 43. Qe4 Qc5 44. Qe3 Qa5 45. Qd3 Qb6 46.
Qe3 Qa5 47. Qd2 Qb6 48. Qc2 Bd4 49. h3 Qa5 50. Qd3 Qa1 51. Rf2 Bxf2 52. Kxf2 Qb2+ 53. Qe2 Qd4+ 54. Kg2 Qb6 55. Qe5+ Kg8 56. Qe2 Qd4 57. Qf2 Qb4 58. Qc2 h4 59. Qc8+ Kg7 60. Qc2 hxg3 61. Kxg3 Qd4 62. Qe2 Qg1+ 63. Qg2 Qc1 64.
Qf2 Qa1 65. Qe3 Qa4 66. Qe5+ Kg8 67. h4 Qc2 68. h5 gxh5 69. Bxh5 Qc1 70. Bf3 Qg1+ 71.
Bg2 Qc1 72. Qg5+ Kf8 73. Qd8+ Kg7 74. Qd4+ Kg8 75. Bf3 Qe1+ 76. Kg2 Qh4 77. Qe5 Kf8 78. Qb8+ Kg7 79. Qe5+ Kf8 80. Qd6+ Kg7 81. Qd4+ Kf8 82. Qe3 Kg7 83. Be2 Kf8 84. Bd3 Qf6 85. Qf3 Qg7+ 86.
Qg3 Qb2+ 87. Qf2 Qg7+ 88. Qg3 Qb2+ 89. Kf3 Qc3 90. Kg4 Qg7+ 91. Kh3 Qh8+ 92. Qh4 Qd4 93. Be2 Qe3+ 94. Qg3 Qxe2 95. Qh4 Qf3+ 96. Qg3 Qxg3+ 97. Kxg3 Kg7 98. f5 e5 99. Kf3 f6 100. Kg4 Kf7 101. Kh5 Ke7 102. Kg4 Kd6 103. Kf3 Kd5 104. Ke3 e4 105.
Kf4 Kd4 106. Kg4 Ke5 0-1

[Event "*** Titled Tuesday Blitz"]
[Site "Chess.com"]
[Date "2021.04.20"]
[Round "5"]
[White "chess94cu"]
[Black "MFguimaraes"]
[Result "1/2-1/2"]
[WhiteElo "2590"]
[BlackElo "2415"]
[TimeControl "180+1"]
[EndTime "10:58:07 PDT"]
[Termination "Game drawn - insufficient material"]

1. e4 d6 2. d4 g6 3. Nc3 Bg7 4. Nf3 Bg4 5. Be3 Nc6 6. Be2 Bxf3 7. Bxf3 e5 8. dxe5 Nxe5 9. Be2 Nf6 10. O-O h5 11. Bg5 Qd7 12. Qd2 c6 13. Rfd1 Rd8 14.
Qd4 b6 15. a4 Nh7 16. Qd2 Nxg5 17. Qxg5 Qe7 18. Qe3 Bh6 19. Qd4 Bg7 20. Qe3 Bh6 21. Qg3 h4 22. Qh3 g5 23. Bg4 Nxg4 24. Qxg4 Qe6 25.
Qxe6+ fxe6 26. Rd3 Bg7 27. Rad1 Ke7 28. h3 Be5 29. Re1 Rhf8 30. Nd1 c5 31. c3 a6 32.
Ne3 b5 33. Ra1 Ra8 34. Rdd1 Rfb8 35. Ra2 b4 36. cxb4 Rxb4 37. b3 Rxe4 38. Nc4 Bd4 39.
Kf1 Rf8 40. Re1 Ref4 41. Ree2 d5 42. Ne5 Bxe5 43. Rxe5 R8f5 44. Re3 g4 45. hxg4 Rxg4 46. Rae2 Rf6 47. Rc3 Kd6 48. Rec2 Rfg6 49. Rxc5 Rxg2 50.
Rc6+ Ke5 51. Re2+ Kf5 52. Re3 R2g4 53. Rxa6 Rb4 54. Rf3+ Ke5 55. Re3+ Kf5 56. Rc6 Rh6 57. Rh3 Rh7 58. a5 Rb5 59. a6 Ra5 60. Rf3+ Ke5 61.
Re3+ Kd4 62. Rexe6 h3 63. Rh6 Re7 64. Rxh3 Ra1+ 65.
Kg2 Rg7+ 66. Rg3 Rf7 67. Rd6 Kc5 68. Re6 Ra2 69. Rf3 Rg7+ 70. Kh3 Rh7+ 71. Kg3 Rg7+ 72. Kf4 Rf7+ 73. Kg4 Rg7+ 74. Kf5 Rg2 75. a7 Rgxf2 76. Rxf2 Rxf2+ 77. Ke5 Ra2 78. Re7 d4 79. Rc7+ Kb6 80.
Rc4 Rxa7 81. Rxd4 Kb5 82. Ke4 Rc7 83. Kd3 Rc6 84. Re4 Rf6 85. Rd4 Kb6 86. Kc3 Rc6+ 87.
Kb4 Rc1 88. Rc4 Rb1 89. Rh4 Rf1 90. Rh6+ Kb7 91. Ka4 Ra1+ 92. Kb5 Rf1 93. b4 Rf5+ 94. Ka4 Rg5 95. b5 Rg1 96. Ka5 Ra1+ 97. Kb4 Rb1+ 98. Ka4 Ra1+ 99. Kb3 Rb1+ 100. Kc4 Rc1+ 101. Kd3 Rb1 102. Kc4 Rc1+ 103. Kb4 Rb1+ 104. Kc5 Rc1+ 105. Kd4 Rd1+ 106. Kc3 Rb1 107. Rh5 Kb6 108. Kc4 Rc1+ 109. Kb4 Rb1+ 110. Kc3 Rxb5 111.
Rxb5+ Kxb5 1/2-1/2

[Event "*** Titled Tuesday Blitz"]
[Site "Chess.com"]
[Date "2021.04.20"]
[Round "6"]
[White "KetiGrant"]
[Black "buhomurciano"]
[Result "1-0"]
[WhiteElo "2338"]
[BlackElo "2187"]
[TimeControl "180+1"]
[EndTime "11:00:18 PDT"]
[Termination "KetiGrant won by resignation"]

1. e4 e6 2. d4 d5 3. Nc3 Nf6 4. e5 Nfd7 5. f4 c5 6. Nf3 Nc6 7. Be3 Be7 8. Qd2 O-O 9. dxc5 Nxc5 10. O-O-O Qa5 11. Kb1 Rb8 12. Nd4 Nxd4 13. Bxd4 Bd7 14. Nxd5 Qd8 15. Nxe7+ Qxe7 16. Bxc5 Qxc5 17. Qxd7 1-0

[Event "*** Titled Tuesday Blitz"]
[Site "Chess.com"]
[Date "2021.04.20"]
[Round "6"]
[White "ChessAdvanceUSA"]
[Black "cukin84"]
[Result "0-1"]
[WhiteElo "2307"]
[BlackElo "2137"]
[TimeControl "180+1"]
[EndTime "11:00:21 PDT"]
[Termination "cukin84 won by resignation"]

1. Nc3 f5 2. d4 Nf6 3. e4 fxe4 4.
f3 d5 5. Bg5 Nc6 6. Bb5 Bf5 7.
fxe4 Nxe4 8. Nxe4 Bxe4 9. Nf3 Qd6 10. Ne5 Qb4+ 11. c3 Qxb5 0-1

[Event "*** Titled Tuesday Blitz"]
[Site "Chess.com"]
[Date "2021.04.20"]
[Round "6"]
[White "kinga2008"]
[Black "akanga001"]
[Result "1-0"]
[WhiteElo "2199"]
[BlackElo "1993"]
[TimeControl "180+1"]
[EndTime "11:00:54 PDT"]
[Termination "kinga2008 won by resignation"]

1. e4 c6 2. d4 d5 3. e5 Bf5 4. Nc3 e6 5. g4 Bg6 6. Nge2 Bb4 7. h4 Be4 8. Rh3 c5 9. f3 cxd4 10. Nxd4 Ne7 11. fxe4 dxe4 12. Bg5 Nbc6 13. Nxc6 bxc6 14.
a3 Bc5 15. Nxe4 Qb6 16. Nd6+ Bxd6 17. Qxd6 Nd5 18. c4 Rd8 19. Bxd8 Qxd8 20. Qxd8+ Kxd8 21. cxd5 1-0

[Event "*** Titled Tuesday Blitz"]
[Site "Chess.com"]
[Date "2021.04.20"]
[Round "6"]
[White "731291"]
[Black "UnknownxArmy"]
[Result "1-0"]
[WhiteElo "2692"]
[BlackElo "2482"]
[TimeControl "180+1"]
[EndTime "11:01:13 PDT"]
[Termination "731291 won by resignation"]

1. e4 e5 2. Nc3 Nf6 3. Nf3 Nc6 4. Bb5 Bb4 5. Bxc6 dxc6 6. d3 Bd6 7. h3 O-O 8. O-O h6 9. Ne2 c5 10. Ng3 Re8 11.
Nh2 Be6 12. b3 Qd7 13. Qf3 Nh7 14. Ng4 Ng5 15. Bxg5 hxg5 16. Nh5 Bxg4 17. hxg4 Be7 18. Qf5 g6 19. Qxd7 1-0

[Event "*** Titled Tuesday Blitz"]
[Site "Chess.com"]
[Date "2021.04.20"]
[Round "6"]
[White "mr65"]
[Black "Andrii_Prydun"]
[Result "0-1"]
[WhiteElo "2125"]
[BlackElo "2332"]
[TimeControl "180+1"]
[EndTime "11:01:39 PDT"]
[Termination "Andrii_Prydun won by resignation"]

1. e4 d5 2. e5 c5 3. c3 Nc6 4. Nf3 Bg4 5. d4 e6 6. h3 Bxf3 7. gxf3 Nge7 8. h4 cxd4 9. cxd4 Nf5 10.
Be3 Qb6 11. Nd2 Nfxd4 12. Nb3 Bb4+ 13. Bd2 Nxe5 14. Be2 Bxd2+ 15. Nxd2 Qxb2 16. O-O Qxd2 0-1

[Event "*** Titled Tuesday Blitz"]
[Site "Chess.com"]
[Date "2021.04.20"]
[Round "6"]
[White "starplatinum2030"]
[Black "Vuk2000"]
[Result "0-1"]
[WhiteElo "2287"]
[BlackElo "2724"]
[TimeControl "180+1"]
[EndTime "11:01:42 PDT"]
[Termination "Vuk2000 won by resignation"]

1. Nf3 Nf6 2. e3 e6 3. b3 d5 4. Bb2 Be7 5. d4 O-O 6. Be2 c5 7. O-O b6 8. c4 Ba6 9. Nbd2 Nbd7 10. cxd5 Bxe2 11. Qxe2 Nxd5 12. Nc4 Rc8 13. Nfe5 Nxe5 14. Nxe5 Bd6 15. dxc5 Bxe5 16. Bxe5 Rxc5 17. Rac1 Rxc1 18. Rxc1 f6 19. Bd4 Qd7 20. Qc4 Ne7 21. Qc7 Rc8 22. Qxc8+ Nxc8 23. g3 e5 24. Bc3 Nd6 25. Be1 h5 26.
Rc2 h4 27. f3 Nf5 28. Rc3 Qd1 29. Kf2 hxg3+ 30. hxg3 Nxg3 31. Rc8+ Kh7 0-1

[Event "*** Titled Tuesday Blitz"]
[Site "Chess.com"]
[Date "2021.04.20"]
[Round "6"]
[White "JakubPulpan"]
[Black "suyu28"]
[Result "1-0"]
[WhiteElo "2751"]
[BlackElo "2605"]
[TimeControl "180+1"]
[EndTime "11:01:59 PDT"]
[Termination "JakubPulpan won by resignation"]

1. Nf3 f5 2. d3 Nf6 3. e4 d6 4.
exf5 Bxf5 5. d4 g6 6. Bd3 Bg7 7.
Bxf5 gxf5 8. Ng5 Qd7 9. d5 c6 10. Ne6 Rg8 11. c4 b5 12. Bg5 bxc4 13. Bxf6 exf6 14.
Qh5+ Qf7 15. Nc7+ Ke7 16. Qxf7+ Kxf7 17. Nxa8 Rc8 18. Nc3 Na6 19. dxc6 Rxa8 20. O-O-O Bf8 21. Nd5 Nc5 22. Rhe1 Rc8 23. c7 Nd7 24. Rd4 Ne5 25.
f4 Nd3+ 26. Rxd3 cxd3 27. Kd2 1-0

[Event "*** Titled Tuesday Blitz"]
[Site "Chess.com"]
[Date "2021.04.20"]
[Round "6"]
[White "Agnes66678"]
[Black "OlifantCZ"]
[Result "1-0"]
[WhiteElo "2457"]
[BlackElo "2257"]
[TimeControl "180+1"]
[EndTime "11:02:02 PDT"]
[Termination "Agnes66678 won by resignation"]

1. d4 Nf6 2. c4 g6 3. Nf3 Bg7 4.
g3 O-O 5. Bg2 Nc6 6. O-O d6 7.
Nc3 a6 8. h3 Bd7 9. e4 Qc8 10.
Kh2 e5 11. d5 Ne7 12. Ne1 Ne8 13. Nd3 f5 14. Bg5 Nf6 15. Bxf6 Bxf6 16. f4 exf4 17.
Nxf4 Bxc3 18. bxc3 b5 19. exf5 Bxf5 20. Qe2 bxc4 21.
Qxe7 Re8 22. Qg5 Rb8 23. g4 Bd7 24. Nxg6 1-0

[Event "*** Titled Tuesday Blitz"]
[Site "Chess.com"]
[Date "2021.04.20"]
[Round "6"]
[White "Ze-Pequeno"]
[Black "atwalcb"]
[Result "0-1"]
[WhiteElo "2247"]
[BlackElo "2456"]
[TimeControl "180+1"]
[EndTime "11:02:06 PDT"]
[Termination "atwalcb won by resignation"]

1. e4 e5 2. Nf3 Nc6 3. Nc3 Nf6 4. d4 exd4 5. Nxd4 Bb4 6. Nxc6 bxc6 7. Bd3 d5 8. exd5 Qe7+ 9. Qe2 Qxe2+ 10. Kxe2 cxd5 11.
Bd2 c6 12. a3 Bd6 13. h3 O-O 14. Rhe1 Bd7 15. Kf3 Rab8 16. b4 c5 17. bxc5 Bxc5 18. Rab1 Bxa3 19. Ra1 Bc5 20. Na4 Bd4 21. c3 Bb6 22. Nxb6 axb6 23. Ra7 Be6 24. Rb1 Nd7 25. Be3 Ne5+ 26. Ke2 Nxd3 27. Kxd3 Bf5+ 0-1

[Event "*** Titled Tuesday Blitz"]
[Site "Chess.com"]
[Date "2021.04.20"]
[Round "6"]
[White "ShahMatKanal"]
[Black "maxip32"]
[Result "1-0"]
[WhiteElo "2412"]
[BlackElo "2519"]
[TimeControl "180+1"]
[EndTime "11:02:11 PDT"]
[Termination "ShahMatKanal won by resignation"]

1. c4 g6 2. Nc3 Bg7 3. e4 d6 4. d4 Nf6 5. Be2 O-O 6. Nf3 Na6 7. O-O e5 8. d5 Nc5 9. Qc2 a5 10. Bg5 h6 11. Be3 Nfd7 12. Nd2 f5 13. exf5 gxf5 14. f4 b6 15. fxe5 Nxe5 16. h3 Bd7 17. Nf3 Nxf3+ 18. Rxf3 Qe7 19. Raf1 Rae8 20. Bf4 Bxc3 21. Qxc3 Qxe2 22.
Rg3+ 1-0

[Event "*** Titled Tuesday Blitz"]
[Site "Chess.com"]
[Date "2021.04.20"]
[Round "6"]
[White "InitiatingASC"]
[Black "anon569"]
[Result "1-0"]
[WhiteElo "2410"]
[BlackElo "2241"]
[TimeControl "180+1"]
[EndTime "11:02:12 PDT"]
[Termination "InitiatingASC won by resignation"]

1. Nf3 Nf6 2. b3 g6 3. Bb2 Bg7 4. e3 O-O 5. c4 b6 6. Be2 d6 7. O-O Bb7 8. d3 Nbd7 9. Nbd2 e5 10. a3 Qe7 11. Qc2 Nh5 12. Rfe1 f5 13. Rad1 Nhf6 14.
b4 h6 15. Nb3 g5 16. c5 bxc5 17. bxc5 dxc5 18. Na5 Bd5 19. e4 fxe4 20. dxe4 Bxe4 21. Bc4+ Kh8 22. Rxe4 Nxe4 23. Qxe4 Rab8 24. Nc6 Nf6 25. Nxe7 Nxe4 26. Ng6+ 1-0

[Event "*** Titled Tuesday Blitz"]
[Site "Chess.com"]
[Date "2021.04.20"]
[Round "6"]
[White "Hangar-18"]
[Black "poppy73"]
[Result "1-0"]
[WhiteElo "2342"]
[BlackElo "2197"]
[TimeControl "180+1"]
[EndTime "11:02:25 PDT"]
[Termination "Hangar-18 won by resignation"]

1. c4 Nf6 2. Nc3 g6 3. e4 Bg7 4.
d4 d6 5. Nf3 O-O 6. Be2 e5 7. d5 a5 8. Bg5 Na6 9. Nd2 h6 10. Be3 Nd7 11. Qc2 Nb4 12. Qb1 f5 13. exf5 gxf5 14. f4 e4 15. a3 Na6 16. Qc2 Nac5 17.
O-O-O a4 18. g4 fxg4 19. Bxg4 Nd3+ 20. Kb1 N7c5 21. Bxc8 Rxc8 22. Ndxe4 Nxe4 23. Qxd3 Nxc3+ 24. bxc3 Kh8 25. Rhg1 Rf7 26. Rg6 Qf8 27. Rdg1 Re8 28. Bd4 Ree7 29. Rxh6+ 1-0

[Event "*** Titled Tuesday Blitz"]
[Site "Chess.com"]
[Date "2021.04.20"]
[Round "6"]
[White "FairChess_on_YouTube"]
[Black "bocah_sakit"]
[Result "1-0"]
[WhiteElo "3021"]
[BlackElo "2823"]
[TimeControl "180+1"]
[EndTime "11:02:32 PDT"]
[Termination "FairChess_on_YouTube won by resignation"]

1. Nf3 Nf6 2. b3 g6 3. Bb2 Bg7 4. c4 O-O 5. g3 d6 6. d4 Nc6 7. d5 Nb8 8. Bg2 c6 9. dxc6 Nxc6 10.
O-O Bg4 11. h3 Bxf3 12. Bxf3 Nd7 13. Bxg7 Kxg7 14. Nc3 Nde5 15. Bg2 a5 16. Rc1 Nd7 17. Qd2 Nc5 18. Rfd1 a4 19. Qb2 axb3 20. Ne4+ Kg8 21.
Nxc5 Rxa2 22. Qxb3 Rxe2 23. Nxb7 Qc7 24. Qf3 1-0

[Event "*** Titled Tuesday Blitz"]
[Site "Chess.com"]
[Date "2021.04.20"]
[Round "6"]
[White "ZeZacarias"]
[Black "GUST_b"]
[Result "1-0"]
[WhiteElo "2175"]
[BlackElo "2359"]
[TimeControl "180+1"]
[EndTime "11:02:36 PDT"]
[Termination "ZeZacarias won by resignation"]

1. d4 Nf6 2. c4 e6 3. Nc3 Bb4 4. e3 O-O 5. Ne2 d5 6. a3 Bxc3+ 7. Nxc3 c5 8. dxc5 a5 9. cxd5 exd5 10. Na4 Na6 11.
Nb6 Rb8 12. b4 axb4 13. Bxa6 bxa6 14. axb4 Bb7 15. Bb2 Nd7 16. Bxg7 Kxg7 17. Qg4+ Kh8 18. Nxd7 Bc8 19. Qd4+ Kg8 20. Nxb8 1-0

[Event "*** Titled Tuesday Blitz"]
[Site "Chess.com"]
[Date "2021.04.20"]
[Round "6"]
[White "anon481216"]
[Black "Semen_Khanin"]
[Result "1-0"]
[WhiteElo "2556"]
[BlackElo "2723"]
[TimeControl "180+1"]
[EndTime "11:02:51 PDT"]
[Termination "anon481216 won by resignation"]

1. d4 Nf6 2. c4 e6 3. g3 Bb4+ 4. Bd2 Bxd2+ 5. Qxd2 O-O 6. Nf3 b6 7. Bg2 Bb7 8. Nc3 Ne4 9. Nxe4 Bxe4 10. O-O d6 11.
Rfe1 Nd7 12. b4 a5 13. b5 Qe7 14. a4 f5 15. Nh4 Bxg2 16. Nxg2 e5 17. e4 fxe4 18.
Rxe4 Qf7 19. f4 Qxc4 20. Ne3 Qb3 21. fxe5 dxe5 22. dxe5 Nc5 23. Rd4 Rf3 24. Rd8+ Rxd8 25. Qxd8+ Rf8 26. Qd5+ Qxd5 27. Nxd5 Rf5 28. Ne7+ 1-0

[Event "*** Titled Tuesday Blitz"]
[Site "Chess.com"]
[Date "2021.04.20"]
[Round "6"]
[White "bilelou"]
[Black "Sharpchess22"]
[Result "0-1"]
[WhiteElo "2619"]
[BlackElo "2799"]
[TimeControl "180+1"]
[EndTime "11:02:52 PDT"]
[Termination "Sharpchess22 won by resignation"]

1. e4 e5 2. Nf3 Nc6 3. Bb5 Nf6 4. O-O Nxe4 5. Re1 Nd6 6. Nxe5 Nxe5 7. Rxe5+ Be7 8. Bf1 O-O 9. d4 Ne8 10. Re1 d5 11. Bf4 Bd6 12. Bg3 c6 13. c3 Bxg3 14. hxg3 Nd6 15. Bd3 Qf6 16. Nd2 Bf5 17. Bxf5 Qxf5 18.
Re5 Qg6 19. Qb3 Rad8 20. Rae1 Qd3 21. Nf3 f6 22. R5e3 Qf5 23. Nd2 h5 24. Qa3 a6 25.
Re6 Ne4 26. R6xe4 dxe4 27. Rxe4 Rfe8 28. Rf4 Re1+ 29. Kh2 Qc2 30. Qb3+ Qxb3 31. Nxb3 Rde8 32. Nc5 Rb1 33. Nxb7 Ree1 34. g4 h4 35. g3 Rh1+ 36. Kg2 h3+ 37. Kf3 Rhg1 0-1

[Event "*** Titled Tuesday Blitz"]
[Site "Chess.com"]
[Date "2021.04.20"]
[Round "6"]
[White "Shahaliyev"]
[Black "Problematique_99"]
[Result "1-0"]
[WhiteElo "2672"]
[BlackElo "2498"]
[TimeControl "180+1"]
[EndTime "11:02:53 PDT"]
[Termination "Shahaliyev won by resignation"]

1. e4 c5 2. Nf3 e6 3. c3 d5 4. exd5 exd5 5. d4 Nc6 6. Bd3 cxd4 7. cxd4 Bd6 8. h3 Nge7 9. O-O O-O 10. Nc3 a6 11. Bg5 f6 12. Bd2 Bf5 13. Bxf5 Nxf5 14. Qb3 Nfe7 15. Nxd5 Nxd5 16. Qxd5+ Kh8 17. Qb3 Qd7 18. Rfe1 Rad8 19. Rac1 Bb8 20. Be3 Rfe8 21. Red1 Qd5 22. Qxd5 Rxd5 23. Rc5 Red8 24. Rdc1 Ba7 25.
Rxd5 Rxd5 26. Rc4 Kg8 27. a4 Kf7 28. Kf1 Ke6 29. Ke2 Kd7 30. h4 b5 31. axb5 axb5 32. Rc1 Nxd4+ 33. Bxd4 Bxd4 34. Rd1 1-0

[Event "*** Titled Tuesday Blitz"]
[Site "Chess.com"]
[Date "2021.04.20"]
[Round "6"]
[White "MFguimaraes"]
[Black "pastouche06"]
[Result "0-1"]
[WhiteElo "2410"]
[BlackElo "2568"]
[TimeControl "180+1"]
[EndTime "11:02:54 PDT"]
[Termination "pastouche06 won by resignation"]

1. e4 c6 2. d4 d5 3. Nd2 dxe4 4. Nxe4 Nf6 5. Nxf6+ exf6 6. Nf3 Bd6 7. Bd3 O-O 8. h3 Re8+ 9. Be3 f5 10. O-O g6 11. Bg5 Be7 12. Re1 Bxg5 13. Nxg5 Rxe1+ 14. Qxe1 Nd7 15. h4 Nf6 16. Bc4 Nd5 17. Bxd5 cxd5 18.
Qe3 Bd7 19. Re1 Qf8 20. Qe5 Re8 0-1

[Event "*** Titled Tuesday Blitz"]
[Site "Chess.com"]
[Date "2021.04.20"]
[Round "6"]
[White "GAusal"]
[Black "DrMamaliga"]
[Result "0-1"]
[WhiteElo "2022"]
[BlackElo "2360"]
[TimeControl "180+1"]
[EndTime "11:02:57 PDT"]
[Termination "DrMamaliga won by checkmate"]

1. d4 g6 2. Nc3 Bg7 3. e4 c5 4. dxc5 Qa5 5. Bd2 Qxc5 6. Bd3 Nc6 7. Nge2 d6 8. O-O Nf6 9. Be3 Qa5 10. f3 O-O 11. Kh1 Bd7 12. a3 Rac8 13. Bc4 Ne5 14. Bb3 a6 15. Nd5 Nxd5 16. Qxd5 Qxd5 17. exd5 Nc4 18. Bc1 Bb5 19. Re1 Nxb2 20. Bxb2 Bxb2 21. Rad1 Bxa3 22. Nd4 Bc4 23. Rxe7 Bxb3 24. cxb3 Bc5 25.
Ne2 Rfe8 26. Rxe8+ Rxe8 27. Nc3 Re3 28. Ne4 b6 29.
Rb1 f5 30. Ng5 Rd3 31. b4 Be3 32. Ne6 Rxd5 33. h4 Kf7 34. Nc7 Rd4 35. Nxa6 Rxh4# 0-1